 Dungeon Crawl Stone Soup version 0.15-a0-1798-g4683f23 (webtiles) character file.

17 Charly the Digger (level 2, 19/19 HPs)
             Began as a Demonspawn Earth Elementalist on June 30, 2014.
             Quit the game on Level 1 of the Dungeon.
             The game lasted 00:08:16 (981 turns).

Charly the Digger (Demonspawn Earth Elementalist)    Turns: 981, Time: 00:08:16

HP  19/19        AC  5     Str  8      XL: 2   Next: 44%
MP   0/4         EV 12     Int 16      God:
Gold 17          SH  0     Dex 13      Spells:  2 memorised,  2 levels left

rFire  . . .     SeeInvis .     b - 30 stones
rCold  . . .     Clarity  .     c - +0 robe
rNeg   . . .     rCorr    .     (no shield)
rPois  .         rRot     .     h - +0 helmet
rElec  .         Spirit   .     (no cloak)
SustAb .         Warding  .     (no gloves)
rMut   .         Stasis   .     (no boots)
Gourm  .                        (no amulet)
MR     .....                    (no ring)
                                (no ring)

@: stone skin, not resistant to hostile enchantments, unstealthy
A: powered by pain 1
a: no special abilities


You were on level 1 of the Dungeon.
You were not hungry.

You visited 1 branch of the dungeon, and saw 1 of its levels.

You collected 17 gold pieces.

Inventory:

Missiles
 b - 30 stones (in hand)
Armour
 c - a +0 robe (worn)
 h - a +0 helmet (worn)
Comestibles
 a - a bread ration
 f - a slice of pizza
Scrolls
 i - a scroll of magic mapping {unknown}
 j - a scroll of identify {unknown}
Potions
 e - a potion of might {unknown}
 g - a potion of cure mutation {unknown}
Books
 d - a book of Geomancy

   Spells                             Type                      Level
   *Sandblast                         Earth                        1
   *Stoneskin                         Transmutation/Earth          2
   Passwall                           Transmutation/Earth          3
   Stone Arrow                        Conjuration/Earth            3
   Petrify                            Transmutation/Earth          4
   Lee's Rapid Deconstruction         Earth                        5


   Skills:
 - Level 1.7 Dodging
 - Level 1.7 Stealth
 - Level 2.0 Spellcasting
 - Level 0.8 Transmutations
 + Level 3.5 Earth Magic


You had 2 spell levels left.
You knew the following spells:

 Your Spells              Type           Power        Failure   Level  Hunger
b - Sandblast             Erth           ##....       6%          1    #......
S - Stoneskin             Trmt/Erth      #.........   14%         2    ###....


Dungeon Overview and Level Annotations

Branches:
Dungeon (1/15)

Altars:


Innate Abilities, Weirdness & Mutations

You sometimes gain a little power by taking damage.


Message History

Confirm with . or Enter, or press ? or * to list all spells.
You can't see any susceptible monsters within range! (Use Z to cast anyway.)
Casting: Stoneskin
Confirm with . or Enter, or press ? or * to list all spells.
Aiming: Sandblast
Press: ? - help, Shift-Dir - straight line, f - goblin
Aim: a goblin The rocky blast hits the goblin.
You kill the goblin!
Casting: Sandblast
Confirm with . or Enter, or press ? or * to list all spells.
Aiming: Sandblast
Press: ? - help, Shift-Dir - straight line, f - kobold
Aim: a kobold The rocky blast hits the kobold.
You kill the kobold!
Save game and exit?
Welcome back, Charly the Demonspawn Earth Elementalist.
Press ? for a list of commands and other information.
Are you sure you want to abandon this character and quit the game? (Confirm with "yes".)

#......#.#..##.......##.###
$..
####.#)#.#..##.......##...#
###
#.#.#.#[.##.##########%#
####.#.#.#...#(# #.....#.#
#......#.#.#.#.# ##....#
#......#.#.#.#.# #..<..#
#......#.#.#.#.# #....##
#......#.#.#...# #.#....
#......#.#.##.@# #.######
#......#.......# #
####.#.#.....#.# ###
#.#.#.....#(###...gK.
#.#.#.#..##......#
#.#.#.##.##......#
#.#.#.##.##......#
#...#....##...#[.#
###########.#......


There were no monsters in sight!

Vanquished Creatures
  A giant gecko (D:1)
  A ball python (D:1)
  4 hobgoblins (D:1)
  3 bats (D:1)
  A giant cockroach (D:1)
  A giant newt (D:1)
  3 goblins (D:1)
  A kobold (D:1)
  A rat (D:1)
16 creatures vanquished.

Notes
Turn   | Place    | Note
--------------------------------------------------------------
     0 | D:1      | Charly, the Demonspawn Earth Elementalist, began the quest for the Orb.
     0 | D:1      | Reached XP level 1. HP: 13/13 MP: 3/3
   179 | D:1      | Reached skill level 3 in Earth Magic
   504 | D:1      | Gained mutation: You sometimes gain a little power by taking damage. [demonic ancestry]
   504 | D:1      | Reached XP level 2. HP: 8/19 MP: 0/4
   666 | D:1      | Learned a level 2 spell: Stoneskin
   981 | D:1      | Quit the game

Action                   || total
-------------------------++-------
Melee: Unarmed           ||    17
 Cast: Sandblast         ||    31
       Stoneskin         ||     3
